 Dungeon Crawl Stone Soup version 0.15-a0-53-g5e01d95 (webtiles) character file.

418 4tharraofdagon the Poker (level 6, 0/50 HPs)
             Began as a Merfolk Fighter on Apr 4, 2014.
             Succumbed to poison (a potion of poison)
             ... on Level 6 of the Dungeon.
             The game lasted 00:03:12 (575 turns).

4tharraofdagon the Poker (Merfolk Fighter)           Turns: 575, Time: 00:03:13

HP   0/50        AC  6     Str 21      XL: 6   Next: 72%
MP   6/6         EV  8     Int 10      God:
Gold 44          SH 19     Dex 13      Spells:  0 memorised,  5 levels left

rFire  . . .     SeeInvis .     a - +0 trident
rCold  . . .     Clarity  .     b - +0 scale mail
rNeg   . . .     Conserve .     c - +0 shield
rPois  .         rCorr    .     (no helmet)
rElec  .         rRot     .     (no cloak)
SustAb . .       Spirit   .     (no gloves)
rMut   .         Warding  .     l - melded +0 pair of boots
Saprov . . .     Stasis   .     (no amulet)
MR     .....                    (no ring)
                                g - +4,+5 ring of slaying {unknown}

@: mighty, lethally poisoned, very quick, not resistant to hostile enchantments,
extremely unstealthy
A: change form in water, swift swim
a: no special abilities


You were on level 6 of the Dungeon.
You were not hungry.

You visited 1 branch of the dungeon, and saw 6 of its levels.

You collected 44 gold pieces.

Inventory:

Hand weapons
 a - a +0,+0 trident (weapon)
Armour
 b - a +0 scale mail (worn)
 c - a +0 shield (worn)
 l - a +0 pair of boots (melded)
Comestibles
 d - 2 bread rations
Scrolls
 f - a scroll of identify {unknown}
 h - a scroll of teleportation {unknown}
 j - a scroll of enchant weapon I {unknown}
 k - a scroll of blinking {unknown}
 m - a scroll of remove curse {unknown}
 n - a scroll of enchant weapon II {unknown}
Jewellery
 g - a +4,+5 ring of slaying (left hand) {unknown}


   Skills:
 + Level 4.9 Fighting
 * Level 7.3 Polearms
 - Level 2.1 Armour
 + Level 4.1 Dodging
 - Level 3.0 Shields


You had 5 spell levels left.
You didn't know any spells.

Dungeon Overview and Level Annotations

Branches:
Dungeon (6/15)             Temple (0/1) D:6

Altars:

Annotations:
D:4 Zuul's ghost, average DsGl


Message History

Unknown command.
The crimson imp shouts, "Go and return not, thou peaked moldwarp pigeon-egg!"
Unknown command.
Attack whom?
Press: ? - help, Dir - move target cursor, f/p - big fish
Aim: a big fish (water, almost dead)
You reach to attack!
You puncture the big fish!
You kill the big fish!
Your Dodging skill increases to level 4!
Unknown command.
Attack whom?
Press: ? - help, Dir - move target cursor, f - crimson imp
Aim: a crimson imp You reach to attack!
You puncture the crimson imp!
You kill the crimson imp!
Drink which item? (? for menu, Esc to quit)
That liquid tasted very nasty...
You are lethally poisoned!
It was a potion of poison.
You die...

##.....#≈≈≈≈≈≈≈≈≈#.#
#.....#≈#.....#≈#.#
#......≈.......≈..#
#......≈.......≈..##
#......≈...>...≈...#
####'..≈..(....≈...##.#
#...≈.......≈......#
#+.#≈#.....#≈#..####
...#≈≈≈≈≈@≈≈≈#..#
.....###.....###.##
#............... .#
.....##..###..... .
#.## ##...... #. #####
.


There were no monsters in sight!

Vanquished Creatures
  The ghost of hunterx7d the Cudgeler, an experienced DsCK of Xom (D:6)
  A crimson imp (D:6)
  A big fish (D:6)
  An ooze (D:6)
  3 orcs (D:4)
  2 bats (D:2)
  A goblin (D:1)
  2 hobgoblins
  A giant newt (D:1)
  3 jackals (D:3)
  9 kobolds
  A rat (D:2)
26 creatures vanquished.

Notes
Turn   | Place    | Note
--------------------------------------------------------------
     0 | D:1      | 4tharraofdagon, the Merfolk Fighter, began the quest for the Orb.
     0 | D:1      | Reached XP level 1. HP: 18/18 MP: 1/1
   159 | D:2      | Reached skill level 1 in Dodging
   162 | D:2      | Reached XP level 2. HP: 24/24 MP: 2/2
   315 | D:3      | Reached skill level 4 in Polearms
   377 | D:4      | Noticed Zuul's ghost (average DsGl)
   382 | D:5      | Entered Level 5 of the Dungeon
   423 | D:4      | Reached XP level 3. HP: 15/29 MP: 3/3
   521 | D:6      | Found a staircase to the Ecumenical Temple.
   526 | D:6      | Noticed hunterx7d's ghost (experienced DsCK)
   565 | D:6      | HP: 1/29 [ooze (2)]
   568 | D:6      | Killed hunterx7d's ghost
   568 | D:6      | Reached skill level 7 in Polearms
   568 | D:6      | Reached XP level 4. HP: 1/38 MP: 4/4
   568 | D:6      | Reached XP level 5. HP: 1/43 MP: 5/5
   568 | D:6      | Reached XP level 6. HP: 1/49 MP: 6/6
   575 | D:6      | Succumbed to poison (a potion of poison)

Action                   |  1- 3 |  4- 6 || total
-------------------------+-------+-------++-------
Melee: Trident           |    81 |     4 ||    85
  Use: Potion            |     1 |     1 ||     2
